PAAA
VERMONT LAKE MONSTERS @ GRYFINDOR BRAVES
07/28/2027
 
TOP OF THE 1ST
Vermont Lake Monsters batting - Pitching for Gryfindor Braves : RHP Gabe Stephenson
Pitching: RHP Gabe Stephenson
Batting: RHB Augusto Encarnación 0-0: Ball
1-0: Fly out, F7 (Flyball, 78M)
Batting: RHB Luis Rodríguez 0-0: Called Strike
0-1: Called Strike
0-2: Strikes out swinging
Batting: RHB Adrian Smith 0-0: Fly out, F8 (Flyball, 8RS)
Top of the 1st over - 0 run(s), 0 hit(s), 0 error(s), 0 left on base; Vermont 0 - Gryfindor 0
BOTTOM OF THE 1ST
Gryfindor Braves batting - Pitching for Vermont Lake Monsters : LHP Cherles Gachineiro
Pitching: LHP Cherles Gachineiro
Batting: LHB David Breitling 0-0: Foul Ball, location: 2F
0-1: Foul Ball, location: 2F
0-2: DOUBLE (Flyball, 78XD)
Batting: RHB Rafael Durango 0-0: Ball
1-0: Foul Ball, location: 2F
1-1: Swinging Strike
1-2: Ball
2-2: SINGLE (Groundball, 56D)
David Breitling to third
Runner from 3rd tries for Home, SAFE, no throw
Batting: SHB Fernando Sánchez 0-0: Ball
1-0: Called Strike
1-1: Foul Ball, location: 2F
1-2: 2-RUN HOME RUN (Flyball, 7D), Distance : 397 ft
Batting: LHB Ignacio Medine 0-0: Fly out, F9 (Flyball, 9S)
Batting: RHB Roy Herring 0-0: Ball
1-0: Called Strike
1-1: Foul Ball, location: 2F
1-2: Ground out 6-3 (Groundball, 6)
Batting: RHB Bob Campbell 0-0: Foul Ball, location: 2F
0-1: Ball
1-1: Called Strike
1-2: Hit by Pitch
Batting: RHB Ernesto Souza 0-0: Called Strike
0-1: Ball
Wild Pitch!
Bob Campbell to second
1-1: Foul Ball, location: 2F
1-2: Ground out 6-3 (Groundball, 6)
Bottom of the 1st over - 3 run(s), 3 hit(s), 0 error(s), 1 left on base; Vermont 0 - Gryfindor 3
TOP OF THE 2ND
Vermont Lake Monsters batting - Pitching for Gryfindor Braves : RHP Gabe Stephenson
Batting: RHB Fred Meyer 0-0: Ball
1-0: Ground out 6-3 (Groundball, 6)
Batting: RHB Domenic Gallard 0-0: Ball
1-0: Fly out, F8 (Flyball, 8LD)
Batting: RHB Demeter Valverde 0-0: Ground out 5-3 (Groundball, 56)
Top of the 2nd over - 0 run(s), 0 hit(s), 0 error(s), 0 left on base; Vermont 0 - Gryfindor 3
BOTTOM OF THE 2ND
Gryfindor Braves batting - Pitching for Vermont Lake Monsters : LHP Cherles Gachineiro
Batting: SHB Juan Sánchez 0-0: Ball
1-0: Ball
2-0: Foul Ball, location: 2F
2-1: Ball
3-1: Foul Ball, location: 2F
3-2: Ground out 5-3 (Groundball, 56S)
Batting: LHB Micheal Garren 0-0: Ball
1-0: Ground out 4-3 (Groundball, 34)
Batting: LHB David Breitling 0-0: Fly out, F9 (Line Drive, 9D)
Bottom of the 2nd over - 0 run(s), 0 hit(s), 0 error(s), 0 left on base; Vermont 0 - Gryfindor 3
TOP OF THE 3RD
Vermont Lake Monsters batting - Pitching for Gryfindor Braves : RHP Gabe Stephenson
Batting: RHB Albert Díaz 0-0: Called Strike
0-1: SINGLE (Line Drive, 89S)
Batting: RHB Xing-li Wang 0-0: Called Strike
0-1: Ball
1-1: SINGLE (Groundball, 2R) (infield hit)
Albert Díaz to second
Batting: RHB Juan Báez 0-0: Swinging Strike
0-1: Ball
1-1: Ball
2-1: Fly out, F7 (Flyball, 7D)
Runner from 2nd tags up, SAFE at 3rd, no throw
Batting: RHB Augusto Encarnación 0-0: Ball
1-0: Ball
2-0: Swinging Strike
2-1: Fielders Choice at 2nd, 6-4 (Groundball, 56)
Albert Díaz scores
Batting: RHB Luis Rodríguez 0-0: Ball
1-0: Called Strike
1-1: Swinging Strike
1-2: Foul Ball, location: 2F
1-2: Strikes out swinging
Top of the 3rd over - 1 run(s), 2 hit(s), 0 error(s), 1 left on base; Vermont 1 - Gryfindor 3
BOTTOM OF THE 3RD
Gryfindor Braves batting - Pitching for Vermont Lake Monsters : LHP Cherles Gachineiro
Batting: RHB Rafael Durango 0-0: Fly out, F9 (Flyball, 89S)
Batting: SHB Fernando Sánchez 0-0: Ball
1-0: Ball
2-0: Ball
3-0: Base on Balls
Batting: LHB Ignacio Medine 0-0: Called Strike
0-1: Fly out, F9 (Flyball, 89D)
Batting: RHB Roy Herring 0-0: Ball
1-0: Ball
2-0: Called Strike
2-1: Called Strike
2-2: Foul Ball, location: 2F
2-2: Ball
3-2: Base on Balls
Fernando Sánchez to second
Batting: RHB Bob Campbell 0-0: Ball
1-0: Swinging Strike
1-1: Foul Ball, location: 2F
1-2: Strikes out swinging
Bottom of the 3rd over - 0 run(s), 0 hit(s), 0 error(s), 2 left on base; Vermont 1 - Gryfindor 3
TOP OF THE 4TH
Vermont Lake Monsters batting - Pitching for Gryfindor Braves : RHP Gabe Stephenson
Batting: RHB Adrian Smith 0-0: Ball
1-0: Foul Ball, location: 2F
1-1: Ball
2-1: Ball
3-1: Foul Ball, location: 2F
3-2: Foul Ball, location: 2F
3-2: Ground out 6-3 (Groundball, 6S)
Batting: RHB Fred Meyer 0-0: Called Strike
0-1: Ball
1-1: Ball
2-1: Fly out, F3 (Line Drive, 3)
Batting: RHB Domenic Gallard 0-0: Swinging Strike
0-1: Ball
1-1: Ground out 3-1 (Groundball, 23)
Top of the 4th over - 0 run(s), 0 hit(s), 0 error(s), 0 left on base; Vermont 1 - Gryfindor 3
BOTTOM OF THE 4TH
Gryfindor Braves batting - Pitching for Vermont Lake Monsters : LHP Cherles Gachineiro
Batting: RHB Ernesto Souza 0-0: Ball
1-0: Foul Ball, location: 2F
1-1: Ball
2-1: Ground out 5-3 (Groundball, 56)
Batting: SHB Juan Sánchez 0-0: Called Strike
0-1: Ball
1-1: SINGLE (Flyball, 78S)
Batting: LHB Micheal Garren 0-0: Called Strike
0-1: Foul Ball, location: 2F
0-2: Fly out, F9 (Flyball, 9LMF)
Batting: LHB David Breitling 0-0: Called Strike
0-1: Fly out, F8 (Flyball, 8LD)
Bottom of the 4th over - 0 run(s), 1 hit(s), 0 error(s), 1 left on base; Vermont 1 - Gryfindor 3
TOP OF THE 5TH
Vermont Lake Monsters batting - Pitching for Gryfindor Braves : RHP Gabe Stephenson
Batting: RHB Demeter Valverde 0-0: Fly out, F8 (Flyball, 8RM)
Batting: RHB Albert Díaz 0-0: Swinging Strike
0-1: Swinging Strike
0-2: Ball
1-2: Ball
2-2: Strikes out swinging
Batting: RHB Xing-li Wang 0-0: Called Strike
0-1: Ground out 5-3 (Groundball, 56)
Top of the 5th over - 0 run(s), 0 hit(s), 0 error(s), 0 left on base; Vermont 1 - Gryfindor 3
BOTTOM OF THE 5TH
Gryfindor Braves batting - Pitching for Vermont Lake Monsters : LHP Cherles Gachineiro
Batting: RHB Rafael Durango 0-0: Fly out, F9 (Flyball, 9LS)
Batting: SHB Fernando Sánchez 0-0: Ball
1-0: Ball
2-0: Ball
3-0: Base on Balls
Batting: LHB Ignacio Medine Pickoff Throw to First - Out!
0-0: Foul Ball, location: 2F
0-1: Ball
1-1: Ball
2-1: Swinging Strike
2-2: Fly out, F8 (Flyball, 8RM)
Bottom of the 5th over - 0 run(s), 0 hit(s), 0 error(s), 0 left on base; Vermont 1 - Gryfindor 3
TOP OF THE 6TH
Vermont Lake Monsters batting - Pitching for Gryfindor Braves : RHP Gabe Stephenson
Batting: RHB Juan Báez 0-0: Called Strike
0-1: Ball
1-1: Ball
2-1: Foul Ball, location: 2F
2-2: Strikes out looking
Batting: RHB Augusto Encarnación 0-0: Ball
1-0: Ball
2-0: Called Strike
2-1: SINGLE (Groundball, 5S) (infield hit)
Batting: RHB Luis Rodríguez 0-0: Swinging Strike
0-1: Ball
1-1: Ball
2-1: Foul Ball, location: 2F
2-2: Grounds into double play, 6-4-3 (Groundball, 6M)
Top of the 6th over - 0 run(s), 1 hit(s), 0 error(s), 0 left on base; Vermont 1 - Gryfindor 3
BOTTOM OF THE 6TH
Gryfindor Braves batting - Pitching for Vermont Lake Monsters : LHP Cherles Gachineiro
Batting: RHB Roy Herring 0-0: Called Strike
0-1: Ball
1-1: Swinging Strike
1-2: Fly out, F8 (Flyball, 8RS)
Batting: RHB Bob Campbell 0-0: Ball
1-0: Ball
2-0: Foul Ball, location: 2F
2-1: Foul Ball, location: 2F
2-2: Fly out, F8 (Line Drive, 8LM)
Batting: RHB Ernesto Souza 0-0: SINGLE (Line Drive, 6D)
Batting: SHB Juan Sánchez 0-0: Ball
1-0: Called Strike
1-1: Ball
2-1: SINGLE (Groundball, 56S) (infield hit)
Ernesto Souza to second
Batting: LHB Micheal Garren 0-0: Ball
1-0: Called Strike
1-1: Called Strike
1-2: Ball
2-2: Ball
3-2: Ground out 4-3 (Groundball, 4)
Bottom of the 6th over - 0 run(s), 2 hit(s), 0 error(s), 2 left on base; Vermont 1 - Gryfindor 3
TOP OF THE 7TH
Vermont Lake Monsters batting - Pitching for Gryfindor Braves : RHP Gabe Stephenson
Batting: RHB Adrian Smith 0-0: Ball
1-0: Foul Ball, location: 2F
1-1: Called Strike
1-2: Ball
2-2: Ball
3-2: Fly out, F5 (Popup, 5L)
Batting: RHB Fred Meyer 0-0: Foul Ball, location: 2F
0-1: Foul Ball, location: 2F
0-2: Ball
1-2: Strikes out swinging
Batting: RHB Domenic Gallard 0-0: Ball
1-0: Called Strike
1-1: Foul Ball, location: 2F
1-2: Ball
2-2: Ground out 2-3 (Groundball, 2L)
Top of the 7th over - 0 run(s), 0 hit(s), 0 error(s), 0 left on base; Vermont 1 - Gryfindor 3
BOTTOM OF THE 7TH
Gryfindor Braves batting - Pitching for Vermont Lake Monsters : LHP Cherles Gachineiro
Batting: LHB David Breitling 0-0: Ground out 4-3 (Groundball, 4)
Batting: RHB Rafael Durango 0-0: Ground out 6-3 (Groundball, 6)
Batting: SHB Fernando Sánchez 0-0: Swinging Strike
0-1: Fly out, F8 (Line Drive, 8LD)
Bottom of the 7th over - 0 run(s), 0 hit(s), 0 error(s), 0 left on base; Vermont 1 - Gryfindor 3
TOP OF THE 8TH
Vermont Lake Monsters batting - Pitching for Gryfindor Braves : RHP Gabe Stephenson
Pitching: RHP Travis Carson
Batting: RHB Demeter Valverde 0-0: Ground out 4-3 (Groundball, 4)
Batting: RHB Albert Díaz 0-0: Swinging Strike
0-1: Ball
1-1: Ground out 5-3 (Groundball, 56)
Batting: RHB Xing-li Wang 0-0: Swinging Strike
0-1: Swinging Strike
0-2: Ball
1-2: Foul Ball, location: 2F
1-2: Strikes out swinging
Top of the 8th over - 0 run(s), 0 hit(s), 0 error(s), 0 left on base; Vermont 1 - Gryfindor 3
BOTTOM OF THE 8TH
Gryfindor Braves batting - Pitching for Vermont Lake Monsters : LHP Cherles Gachineiro
Pitching: RHP Roberto Cantú
Batting: LHB Ignacio Medine 0-0: Called Strike
0-1: Ball
1-1: Ball
2-1: Swinging Strike
2-2: Foul Ball, location: 2F
2-2: Ball
3-2: Fly out, F8 (Flyball, 8RS)
Batting: RHB Roy Herring 0-0: Swinging Strike
0-1: Ball
1-1: Foul Ball, location: 2F
1-2: Strikes out swinging
Batting: RHB Bob Campbell 0-0: Called Strike
0-1: Reached on error, E5 (Groundball, 5)
Batting: RHB Ernesto Souza 0-0: Ball
1-0: Called Strike
1-1: Ball
2-1: Swinging Strike
2-2: Foul Ball, location: 2F
2-2: Strikes out looking
Bottom of the 8th over - 0 run(s), 0 hit(s), 1 error(s), 1 left on base; Vermont 1 - Gryfindor 3
TOP OF THE 9TH
Vermont Lake Monsters batting - Pitching for Gryfindor Braves : RHP Travis Carson
Pitching: RHP Biff Tannen
Batting: RHB Juan Báez 0-0: Ground out 5-3 (Groundball, 5)
Batting: RHB Augusto Encarnación 0-0: Foul Ball, location: 2F
0-1: DOUBLE (Line Drive, 7)
Pinch Hitting: LHB Brad Tillman 0-0: Called Strike
0-1: Called Strike
0-2: Strikes out swinging
Batting: RHB Adrian Smith 0-0: Foul Ball, location: 2F
0-1: Swinging Strike
0-2: Ground out 5-3 (Groundball, 56S)
Top of the 9th over - 0 run(s), 1 hit(s), 0 error(s), 1 left on base; Vermont 1 - Gryfindor 3
Saturday, May 26th, 2018 - OOTP Baseball 17.12 Build 75